 Dungeon Crawl Stone Soup version 0.27-a0-984-g00e00afbbc (webtiles) character file.

Game seed: 11894274689201109781

270 Morbidden the Gusty (level 5, 0/40 HPs)
             Began as a Demigod Air Elementalist on Apr 15, 2021.
             Slain by a black bear (4 damage)
             ... on level 5 of the Dungeon.
             The game lasted 00:05:48 (4318 turns).

Morbidden the Gusty (Demigod Air Elementalist)      Turns: 4318, Time: 00:05:49

Health: 0/40       AC:  2    Str:  9    XL:     5   Next: 70%
Magic:  0/12       EV: 12    Int: 21    God:
Gold:   91         SH:  0    Dex: 14    Spells: 5/10 levels left

rFire    . . .     SeeInvis .   b - +2 short sword (elec)
rCold    . . .     Faith    .   (no shield)
rNeg     . . .     Spirit   +   a - +0 robe
rPois    .         Reflect  .   (no helmet)
rElec    .         Harm     .   (no cloak)
rCorr    .         Rampage  .   (no gloves)
Will     +....                  (no boots)
Stlth    ++........             e - amulet of guardian spirit
HPRegen  0.13/turn              d - ring of willpower
MPRegen  0.13/turn              (no ring)

@: no status effects
A: high mp 1, forlorn
a: no special abilities


You were on level 5 of the Dungeon.
You visited 1 branch of the dungeon, and saw 5 of its levels.

You collected 91 gold pieces.

Inventory:

Hand Weapons
 b - a +2 short sword of electrocution (weapon)
Armour
 a - a +0 robe (worn)
Jewellery
 d - a ring of willpower (left hand)
 e - an amulet of guardian spirit (around neck)
Scrolls
 g - a scroll of amnesia {unknown}
 h - 2 scrolls of identify {unknown}
 k - a scroll of blinking {unknown}
 m - a scroll of enchant armour {unknown}
Potions
 f - a potion of brilliance


   Skills:
 * Level 1.0 Fighting
 + Level 1.1 Maces & Flails
 + Level 2.5 Dodging
 + Level 2.2 Stealth
 * Level 3.2 Spellcasting
 + Level 2.0 Conjurations
 * Level 3.8 Air Magic


You had 5 spell levels left.
You knew the following spells:

 Your Spells              Type           Power      Damage    Failure   Level
a - Shock                 Conj/Air       60%        1d6       4%          1
b - Searing Ray           Conj           22%        3d3       9%          2
z - Static Discharge      Conj/Air       15%        N/A       6%          2

Your spell library contained the following spells:

 Spells                   Type           Power      Damage    Failure   Level
 Magic Dart               Conj           44%        1d5       5%          1
 Swiftness                Air            19%        N/A       9%          3
 Dazzling Flash           Conj/Hex       14%        N/A       26%         3
 Airstrike                Air            9%         N/A       26%         4
 Fulminant Prism          Conj/Hex       3%         3d6       63%         4
 Iskenderun's Mystic Bla  Conj/Tloc      7%         2d4       63%         4
 Lightning Bolt           Conj/Air       7%         1d20      73%         5


Dungeon Overview and Level Annotations

Branches:
Dungeon (5/15)
 Temple: D:4-7

Annotations:
D:3 Sigmund


Innate Abilities, Weirdness & Mutations

Your attributes grow dramatically as you level up.
You have an increased reservoir of magic. (+10% MP)
You shall have no god before yourself.


Message History

The searing ray hits the black bear.
The black bear is severely wounded.
The searing ray hits the black bear.
The black bear is almost dead.
You finish channeling your searing ray.
The black bear goes berserk!
Unknown command.
The black bear bites you! The black bear barely misses you. x2
The black bear bites you.
The black bear claws you but does no damage.
The black bear misses you. The black bear bites you.
The black bear barely misses you. The black bear claws you.
Unknown command.
You are too injured to fight recklessly!
Unknown command.
Unknown command.
Casting: Searing Ray (safe; 9% risk of failure)
Confirm with . or Enter, or press ? or * to list all spells.
Aiming: Searing Ray (safe; 9% risk of failure)
Press: ? - help, Shift-Dir - straight line, f/p - black bear
Aim: a black bear (severely wounded, berserk, 18% to evade)
The searing ray hits the black bear.
The black bear is almost dead. (Press . to maintain the ray.)
The black bear misses you.
The black bear claws you but does no damage.
The black bear claws you!
* * * LOW HITPOINT WARNING * * *
Unknown command.
Unknown command.
Unknown command.
Unknown command.
Without enough magic to sustain it, your searing ray dissipates.
The black bear closely misses you. The black bear claws you.
* * * LOW HITPOINT WARNING * * *
The black bear claws you.
* * * LOW HITPOINT WARNING * * *
The black bear barely misses you. The black bear claws you.
* * * LOW HITPOINT WARNING * * *
The black bear claws you.
You die...

.. .. #.. #.
#..##.### .
#.....[.# .#
#.......##
##.
.........#...
#........#.#
#.....h@...#
...#####.###
#.# #.# #.#
###.###
#.<...#
#.###.#
#.##.# #.#


You could see a black bear (berserk).

Vanquished Creatures
  A howler monkey (D:2)
  A bullfrog skeleton (D:5)
  An iguana (D:5)
  2 gnolls (D:4)
  7 adders
  An ufetubus (D:4)
  3 worms (D:2)
  2 dart slugs
  6 bats (D:1)
  7 endoplasms
  2 giant cockroaches
  7 hobgoblins
  13 jackals
  4 kobolds
  4 quokkas
  9 ball pythons
  A frilled lizard (D:1)
  4 goblins (D:1)
  7 rats
82 creatures vanquished.

Notes
Turn   | Place    | Note
-------+----------+-------------------------------------------
     0 | D:1      | Morbidden the Demigod Air Elementalist began the quest for
                  | the Orb.
     0 | D:1      | Reached XP level 1. HP: 14/14 MP: 5/5
   219 | D:1      | Reached skill level 1 in Conjurations
   340 | D:1      | Reached XP level 2. HP: 3/20 MP: 1/7
  1334 | D:2      | Reached XP level 3. HP: 24/27 MP: 0/8
  1398 | D:2      | Learned a level 2 spell: Searing Ray
  1924 | D:2      | Reached XP level 4. HP: 34/34 MP: 4/10
  2547 | D:2      | Reached skill level 1 in Maces & Flails
  2817 | D:3      | Reached skill level 1 in Fighting
  2945 | D:3      | Reached XP level 5. HP: 40/40 MP: 5/12
  3042 | D:3      | Noticed Sigmund
  3100 | D:4      | Learned a level 2 spell: Static Discharge
  3765 | D:4      | Noticed a water moccasin
  3771 | D:5      | Entered Level 5 of the Dungeon
  3798 | D:5      | Noticed a black bear
  4318 | D:5      | Slain by a black bear

Illustrated notes

Levels and vault maps discovered:
D:1:      dpeg_arrival_more_subterranean_lakeside_camping, layout_rooms,
          minivault_24
D:2:      layout_rooms, minivault_11
D:3:      layout_loops_cross, nzn_wu_jian_contemplation, lemuel_doored_altar,
          lemuel_coloured_pillars_altar, uniq_sigmund
D:4:      layout_loops_ring
D:5:      layout_loops_ring, kennysheep_mini, kennysheep_mini_moat,
          minmay_temple_entry_grid, uniq_prince_ribbit1, uniq_crazy_yiuf_cottage

Skill      XL: |  1  2  3  4  5 |
---------------+----------------+-----
Conjurations   | 1 2 |  2.0
Spellcasting   | 2 3 |  3.2
Air Magic      | 3 |  3.8
Stealth        | 2 |  2.2
Maces & Flails | 1 |  1.1
Fighting       | 1 |  1.0
Dodging        | 2 |  2.5

Action                   |  1- 3 |  4- 6 || total
-------------------------+-------+-------++-------
Melee: Whip              |    39 |    15 ||    54
       Unarmed           |     4 |       ||     4
       Short sword       |       |     9 ||     9
 Cast: Shock             |    64 |    48 ||   112
       Searing Ray       |     6 |    18 ||    24
       Static Discharge  |       |     1 ||     1
  Use: Potion            |       |     5 ||     5
       Scroll            |       |     1 ||     1
 Stab: Sleeping          |     1 |       ||     1
Armor: Robe              |    15 |    17 ||    32
Dodge: Dodged            |    50 |    58 ||   108

Table legend: (Time is in decaauts)
 A = Elapsed time spent in this place.
 B = Non-inter-level travel time spent in this place.
 C = Inter-level travel time spent in this place.
 D = Time resting spent in this place.
 E = Time spent auto-exploring this place.
 F = Levels seen in this place.
 G = Mean time per level.
                   A        B        C        D        E       F      G
               +--------+--------+--------+--------+--------+-----+--------+
         Total |   4323 |   4290 |     33 |    898 |   2864 |   5 |  864.6 |
       Dungeon |   4323 |   4290 |     33 |    898 |   2864 |   5 |  864.6 |
               +--------+--------+--------+--------+--------+-----+--------+

Top non-repeatable levels by time:
     D:2: 1460 daAuts
     D:1: 1328 daAuts
     D:4: 999 daAuts
     D:5: 274 daAuts
     D:3: 261 daAuts
